 Dungeon Crawl Stone Soup version 0.25-a0-339-gb37b713d4c (webtiles) character file.

Game seed: 640758882570390504, levelgen mode: deterministic

3647 Essalna the Arsonist (level 9, -4/68 HPs)
             Began as a Mottled Draconian Fire Elementalist on Dec 29, 2019.
             Was a Believer of Vehumet.
             Slain by a manticore (9 damage)
             ... on level 6 of the Dungeon.
             The game lasted 00:23:29 (7730 turns).

Essalna the Arsonist (DrFE)                         Turns: 7730, Time: 00:23:29

Health: -4/68      AC: 11    Str: 10    XL:     9   Next: 88%
Magic:  14/20      EV: 12    Int: 20    God:    Vehumet [**....]
Gold:   330        SH:  3    Dex: 13    Spells: 17/22 levels left

rFire    . . .     SeeInvis .   m - +1 dagger (venom)
rCold    . . .     Gourm    .   F - +0 buckler
rNeg     . . .     Faith    .   (armour unavailable)
rPois    .         Spirit   .   (helmet restricted)
rElec    .         Reflect  .   k - +1 cloak
rCorr    +         Harm     .   x - +0 pair of gloves
MR       .....                  p - +0 pair of boots
Stlth    ++........             (no amulet)
HPRegen  0.21/turn              B - ring of resist corrosion
MPRegen  0.17/turn              (no ring)

@: no status effects
A: breathe sticky flame splash, unfitting armour, antennae 1, agile 1,
deterioration 1, cold-blooded, AC +7
a: Renounce Religion


You were on level 6 of the Dungeon.
You worshipped Vehumet.
Vehumet was pleased with you.
You were not hungry.

You visited 1 branch of the dungeon, and saw 7 of its levels.
You also visited: Sewer.

You collected 330 gold pieces.

Inventory:

Hand Weapons
 c - a +0 dagger
 g - a +1 whip of flaming
 m - a +1 dagger of venom (weapon)
Armour
 k - a +1 cloak (worn)
 p - a +0 pair of boots (worn)
 x - a +0 pair of gloves (worn)
 A - a +0 buckler
 F - a +0 buckler (worn)
Jewellery
 B - a ring of resist corrosion (left hand)
Wands
 q - a wand of random effects (18)
 y - a wand of enslavement (15)
 C - a wand of polymorph (4)
Scrolls
 a - 4 scrolls of immolation {unknown}
 d - 2 scrolls of fear {unknown}
 e - 5 scrolls of teleportation {unknown}
 i - 7 scrolls of identify {unknown}
 j - a scroll of magic mapping {unknown}
 t - a scroll of blinking {unknown}
 u - a scroll of random uselessness {unknown}
 v - a scroll of remove curse {unknown}
Potions
 f - a potion of brilliance {unknown}
 h - a potion of magic {unknown}
 l - 3 potions of flight {unknown}
 n - 4 potions of heal wounds {unknown}
 o - 3 potions of lignification {unknown}
 r - 5 potions of curing {unknown}
 s - 3 potions of haste {unknown}
 w - 3 potions of mutation
 z - a potion of degeneration {unknown}
 E - a potion of ambrosia {unknown}
Comestibles
 b - 11 rations
 D - a chunk of flesh


   Skills:
 + Level 2.9 Fighting
 + Level 3.1 Dodging
 - Level 1.7 Stealth
 + Level 0.6 Shields
 + Level 7.4 Spellcasting
 + Level 7.8 Conjurations
 + Level 9.2 Fire Magic


You had 17 spell levels left.
You knew the following spells:

 Your Spells              Type           Power        Failure   Level  Hunger
a - Foxfire               Conj/Fire      ####         1%          1    None
b - Sticky Flame          Conj/Fire      #####...     4%          4    ###....

Your spell library contained the following spells:

 Spells                   Type           Power        Failure   Level  Hunger
 Freeze                   Ice            #...         14%         1    None
 Conjure Flame            Conj/Fire      #####...     1%          3    #......
 Inner Flame              Hex/Fire       ####....     6%          3    #......
 Fireball                 Conj/Fire      #####.....   11%         5    #####..
 Confusing Touch          Hex            #.....       14%         1    None
 Confuse                  Hex            #.......     38%         3    #......
 Gell's Gravitas          Tloc           #.........   38%         3    #......
 Petrify                  Tmut/Erth      #.......     80%         4    ###....
 Metabolic Englaciation   Hex/Ice        #.........   98%         5    #####..
 Yara's Violent Unravell  Hex/Tmut       #.........   98%         5    #####..


Dungeon Overview and Level Annotations

Branches:
Dungeon (7/15)             Temple (0/1) D:6           Sewer (visited)

Altars:
Elyvilon
Fedhas
Kikubaaqudgha
Sif Muna
Trog
Uskayaw
Vehumet
Yredelemnul
Zin

Shops:
D:4 (((=(   D:5 (   D:6 [

Annotations:
D:4 exclusion: statue


Innate Abilities, Weirdness & Mutations

You can spit globs of burning liquid.
You can ignite nearby creatures when you spit burning liquid.
Your scales are hard. (AC +7)
You cannot fit into any form of body armour.
You are cold-blooded and may be slowed by cold attacks.
You have a pair of small antennae on your head.
You are agile. (Dex +2)
Your body sometimes deteriorates upon taking damage.


Message History

Confirm with . or Enter, or press ? or * to list all spells.
You conjure some foxfire!
The foxfire hits the manticore but does no damage.
The manticore is lightly wounded.
The foxfire hits the manticore but does no damage.
The manticore is lightly wounded.
The foxfire hits the manticore.
The manticore is lightly wounded.
The manticore bites you!
* * * LOW HITPOINT WARNING * * *
The manticore barely misses you.
The manticore claws you but does no damage.
It was a potion of mutation.
You feel extremely strange.
You feel yourself wasting away. A pair of antennae grows on your head!
You feel agile.
You carefully extract the barbed spikes from your body.
The foxfire hits the manticore but does no damage.
The manticore is lightly wounded.
The manticore closely misses you. The manticore claws you!
You die...

##.###.#####...
##.#.##.........
##.###.##########
##.## ##.## #.##
##.# ##.##
##.#########
###.###.## #.....#
#>H..#..# #.....#
#@.#....# #.....#
#ยงยง#.#[.#
#.....# #..#.#..#
#.....# #..#.#..#
###.### #..#.#..#
#.# #.......#
####.### ###
########
#.......###.......
#_# #......#
#...........(.....
###.###.####.#
#.........#.##.##.


You could see a manticore.

Vanquished Creatures
  Pikel (D:5)
  A troll (D:5)
  Grinder (D:5)
  A hippogriff (D:7)
  Sigmund (D:5)
  Eustachio (D:5)
  Menkaure (D:5)
  A water moccasin (D:7)
  Duvessa (D:6)
  A sky beast (D:7)
  4 slaves
  2 ice beasts
  An ogre (D:4)
  2 phantoms (D:4)
  3 centaurs
  3 bullfrogs
  A water moccasin zombie (D:7)
  Dowan (D:6)
  2 scorpions
  2 crimson imps
  A centaur zombie (D:7)
  A bullfrog skeleton (D:5)
  A jelly (D:5)
  A centaur skeleton (D:4)
  5 orc wizards
  An orc priest (D:5)
  4 worker ants
  Terence (D:3)
  A hound skeleton (D:5)
  2 worker ant zombies (D:7)
  4 gnolls (D:4)
  17 adders
  An ooze (D:2)
  An adder skeleton (D:4)
  2 worms (D:3)
  3 dart slugs
  9 leopard geckos
  15 orcs
  10 giant cockroaches
  11 hobgoblins
  7 jackals
  2 kobolds (D:1)
  3 quokkas
  5 ball pythons
  7 bats
  9 frilled lizards
  3 goblins
  14 rats
172 creatures vanquished.

Vanquished Creatures (others)
  578 foxfires
578 creatures vanquished.

Grand Total: 750 creatures vanquished

Notes
Turn   | Place    | Note
-------+----------+-------------------------------------------
     0 | D:1      | Essalna the Draconian Fire Elementalist began the quest for
                  | the Orb.
     0 | D:1      | Reached XP level 1. HP: 14/14 MP: 3/3
   128 | D:1      | Reached XP level 2. HP: 20/20 MP: 1/5
   764 | D:2      | Reached XP level 3. HP: 26/26 MP: 6/6
   803 | D:2      | Noticed a bullfrog
   817 | D:2      | Killed a bullfrog
   817 | D:2      | Reached XP level 4. HP: 26/33 MP: 1/8
  1077 | D:2      | Reached skill level 4 in Fire Magic
  1331 | D:2      | Reached XP level 5. HP: 33/38 MP: 6/9
  2126 | D:3      | Noticed Terence
  2139 | D:3      | Killed Terence
  3131 | D:4      | Found Doewid's Antique Weapon Shop.
  3131 | D:4      | Noticed a phantom
  3140 | D:4      | Killed a phantom
  3140 | D:4      | Reached XP level 6. HP: 40/45 MP: 3/11
  3426 | D:4      | Reached skill level 5 in Fire Magic
  3554 | D:4      | Found Gifoxaekut's Jewellery Shop.
  3566 | D:4      | Found a radiant altar of Vehumet.
  3684 | D:4      | Became a worshipper of Vehumet
  3845 | D:4      | Found Quafonef's Antique Weapon Boutique.
  3931 | D:4      | Your scales start taking on colour.
  3931 | D:4      | Reached XP level 7. HP: 47/50 MP: 7/13
  4298 | D:4      | Found Asong's Weapon Shoppe.
  4321 | D:4      | Found Ahakha's Antique Weapon Boutique.
  4345 | D:4      | Reached skill level 6 in Fire Magic
  4518 | D:5      | Entered Level 5 of the Dungeon
  4518 | D:5      | Noticed Eustachio
  4532 | D:5      | Killed Eustachio
  4532 | D:5      | Reached skill level 5 in Spellcasting
  4544 | D:5      | Reached skill level 5 in Conjurations
  4548 | D:5      | Found a blossoming altar of Fedhas.
  4568 | D:5      | Found Eleng's Weapon Emporium.
  4660 | D:5      | Found a hide-covered altar of Uskayaw.
  4693 | D:5      | Reached XP level 8. HP: 57/57 MP: 7/15
  4904 | D:5      | Found a glowing drain.
  4919 | Sewer    | Entered a sewer
  4927 | Sewer    | Reached * piety under Vehumet
  4927 | Sewer    | Offered knowledge of Magic Dart by Vehumet.
  5041 | Sewer    | Reached skill level 7 in Fire Magic
  5365 | D:5      | Noticed Pikel
  5589 | D:5      | Learned a level 4 spell: Sticky Flame
  5607 | D:5      | Killed Pikel
  5774 | D:5      | Noticed a troll
  5782 | D:5      | Killed a troll
  5782 | D:5      | Reached skill level 8 in Fire Magic
  5783 | D:5      | Reached XP level 9. HP: 62/62 MP: 14/18
  5789 | D:5      | Noticed Menkaure
  5794 | D:5      | Killed Menkaure
  5891 | D:5      | Found a basalt altar of Yredelemnul.
  5892 | D:5      | Noticed Sigmund
  5898 | D:5      | Killed Sigmund
  6026 | D:5      | Found a white marble altar of Elyvilon.
  6125 | D:5      | Noticed Grinder
  6131 | D:5      | Killed Grinder
  6180 | D:6      | Found a staircase to the Ecumenical Temple.
  6207 | D:6      | Noticed Dowan
  6210 | D:6      | Noticed Duvessa
  6308 | D:6      | Killed Dowan
  6316 | D:6      | Killed Duvessa
  6316 | D:6      | Offered knowledge of Freeze by Vehumet.
  6316 | D:6      | Reached skill level 1 in Fighting
  6724 | D:6      | Reached ** piety under Vehumet
  6747 | D:6      | Found Sateug's Antique Armour Shop.
  6987 | D:6      | Found a bloodstained altar of Trog.
  6994 | D:6      | Found a glowing silver altar of Zin.
  7096 | D:6      | Found a shimmering blue altar of Sif Muna.
  7341 | D:7      | Found an ancient bone altar of Kikubaaqudgha.
  7375 | D:7      | Reached skill level 9 in Fire Magic
  7484 | D:7      | Noticed a manticore
  7730 | D:6      | Gained mutation: Your body sometimes deteriorates upon
                  | taking damage. [potion of mutation]
  7730 | D:6      | Gained mutation: You have a pair of small antennae on your
                  | head. [potion of mutation]
  7730 | D:6      | Gained mutation: You are agile. (Dex +2) [potion of
                  | mutation]
  7730 | D:6      | Slain by a manticore

Levels and vault maps discovered:
D:1:      roderic_crossed_star, layout_loops_ring
D:2:      layout_basic, minmay_misc_feat_columns, serial_bayou_pond_b,
          kennysheep_big_empty_room
D:3:      layout_basic, uniq_terence
D:4:      minmay_chambers_of_twos, layout_basic, vehumet_statue, serial_shops,
          nicolae_shop_overgrown_old_shop,
          nicolae_shop_temple_entry_statues_fountains, shop,
          nicolae_shop_statue_plus, shop, minmay_fractal_squares_5
D:5:      layout_rooms, kennysheep_ying_yang, fedhas_altar_2,
          eat_drink_and_be_merry_uskayaw, cheibrodos_sewer_entry_drain,
          first_ration, serial_shops, kennysheep_mini_moat, uniq_grinder,
          uniq_menkaure, uniq_sigmund, uniq_pikel, uniq_eustachio
D:6:      layout_loops_cross, marbit_many_paths,
          amethyst_overflow_temple_binary, minmay_temple_entry_purple_smoke,
          serial_shops, nicolae_shop_trees, moated_statue, uniq_duvessa
D:7:      layout_basic, kiku_gazebo_pond_becter, basic_altar, minmay_manual_mess

Skill      XL: |  1  2  3  4  5  6  7  8  9 |
---------------+----------------------------+-----
Spellcasting   | 3 4 5 6 7 |  7.4
Conjurations   | 2 3 4 5 6 7 |  7.8
Fire Magic     | 4 5 6 8 9 |  9.2
Dodging        | 3 |  3.1
Fighting       | 2 |  2.9
Stealth        | |  1.7
Shields        | |  0.6

Action                   |  1- 3 |  4- 6 |  7- 9 || total
-------------------------+-------+-------+-------++-------
Melee: Dagger            |    27 |   125 |   108 ||   260
       Whip              |    35 |       |       ||    35
       Tailslap          |     2 |    11 |     6 ||    19
 Cast: Foxfire           |    14 |    99 |   263 ||   376
       Sticky Flame      |       |       |     3 ||     3
  Use: Potion            |       |       |     1 ||     1
 Stab: Sleeping          |     5 |     4 |       ||     9
  Eat: Chunk             |       |     9 |    10 ||    19
       Ration            |       |       |     1 ||     1
Armor: Skin              |    32 |    49 |    70 ||   151
Dodge: Dodged            |    69 |   108 |   102 ||   279
Block: Buckler           |       |       |     3 ||     3

Table legend:
 A = Non-vault XP
 B = Vault XP
 C = Vault XP percentage of total XP
 D = Non-vault monster count
 E = Vault monster count
 F = Vault count percentage of total count
                 A         B        C        D         E       F
            +---------+---------+-------+---------+---------+-------
      Total |    2728 |    2483 |  47.6 |     123 |      45 |  26.8
            +---------+---------+-------+---------+---------+-------
        D:1 |      33 |       0 |   0.0 |      19 |       0 |   0.0
        D:2 |     183 |       2 |   1.1 |      26 |       2 |   7.1
        D:3 |      57 |      32 |  36.0 |      21 |       1 |   4.5
        D:4 |     542 |     164 |  23.2 |      19 |       9 |  32.1
        D:5 |     756 |    1491 |  66.4 |      15 |       7 |  31.8
        D:6 |     300 |     214 |  41.6 |       7 |       3 |  30.0
        D:7 |     857 |     342 |  28.5 |      16 |       3 |  15.8
      Sewer |       0 |     238 | 100.0 |       0 |      20 | 100.0
            +---------+---------+-------+---------+---------+-------
